 Dungeon Crawl Stone Soup version 0.32-a0-738-g1a05c61809 (webtiles) character file.

Game seed: 640257298762200007

29 Descartes the Digger (level 3, 0/26 HPs)
             Began as a Mountain Dwarf Earth Elementalist on Mar 17, 2024.
             Slain by Terence
             ... wielding a +0 mace
              (5 damage)
             ... on level 1 of the Dungeon.
             The game lasted 00:01:33 (1134 turns).

Descartes the Digger (MDEE)                         Turns: 1134, Time: 00:01:33

Health: 0/26       AC:  8    Str: 12    XL:     3   Next: 1%
Magic:  1/5        EV:  5    Int: 15    God:
Gold:   68         SH:  0    Dex: 10    Spells: 4/5 levels left

rFire   . . .        d - +1 dagger (freeze)
rCold   . . .        (no shield)
rNeg    . . .        f - +0 chain mail
rPois   .            (no helmet)
rElec   .            (no cloak)
rCorr   .            (no gloves)
SInv    .            (no boots)
Will    .....        (no amulet) Stlth
                     (no ring)
HPRegen 0.24/turn    (no ring)
MPRegen 0.09/turn

%: no passive effects
@: no status effects
A: runic magic, artefact enchanting
a: no special abilities


You were on level 1 of the Dungeon.
You visited 1 branch of the dungeon, and saw 2 of its levels.

You collected 68 gold pieces.

Inventory:

Hand Weapons
 d - a +1 dagger of freezing (weapon)
Armour
 a - a +0 robe
 f - a +0 chain mail (worn)
Scrolls
 e - a scroll of identify {unknown}
Potions
 b - a potion of magic
 c - a potion of lignification {unknown}


   Skills:
 - Level 1.3 Dodging
 - Level 1.4 Stealth
 - Level 1.7 Spellcasting
 - Level 0.8 Conjurations
 + Level 4.6 Earth Magic


You had 4 spell levels left.
You knew the following spells:

 Your Spells              Type           Power      Damage    Failure   Level
a - Sandblast             Erth           30%        2d9       8%          1

Your spell library contained the following spells:

 Spells                   Type           Power      Damage    Failure   Level
 Passwall                 Erth           15%        N/A       22%         3
 Stone Arrow              Conj/Erth      18%        3d8       45%         3
 Brom's Barrelling Bould  Conj/Erth      9%         2d3       86%         4
 Petrify                  Alch/Erth      8%         N/A       89%         4


Dungeon Overview and Level Annotations

Branches:
Dungeon (2/15)

Altars:

Annotations:
D:1 Terence


Innate Abilities, Weirdness & Mutations

Your spellcasting is much less encumbered by armour.
You can use scrolls of enchantment on lesser artefacts.


Message History

Confirm with . or Enter, or press ? or * to list all spells.
Aiming: Sandblast (safe; 8% risk of failure)
Press: ? - help, Shift-Dir - straight line, f/p - Terence
Aim: Terence, wielding a +0 mace and wearing a +0 scale mail (lightly wounded, 84% to hit)
The blast of sand hits Terence but does no damage.
Terence is lightly wounded.
Terence hits you but does no damage.
Unknown command.
Terence attacks as he pursues you! Terence hits you with a +0 mace!
There is a stone staircase leading up, spattered with blood here.
Terence hits you but does no damage.
You climb upwards.
There is a stone staircase leading down here.
You hit Terence but do no damage.
Terence is lightly wounded.
Terence hits you but does no damage.
You barely miss Terence.
Terence is lightly wounded.
Terence hits you with a +0 mace.
Unknown command.
You barely miss Terence.
Terence is lightly wounded.
Terence hits you with a +0 mace.
* * * LOW HITPOINT WARNING * * *
You closely miss Terence.
Terence is lightly wounded.
Terence hits you but does no damage.
You hit Terence but do no damage.
Terence is lightly wounded.
Terence hits you but does no damage.
Unknown command.
You hit Terence but do no damage.
Terence is lightly wounded.
Terence hits you with a +0 mace.
* * * LOW HITPOINT WARNING * * *
You barely miss Terence.
Terence is lightly wounded.
Terence hits you with a +0 mace.
You die...
Terence says, "Time to find some more victims."

#.........###.....########.#...##
##.......## ###.#.# #....##
##.....## ###.# ####.# ##...##
#.# #.# ##+######## #)# #.#
#........# #.# #.### #..#####.#
#.# #.... ## ##..#####.####.#
##### .###...#........@@#
.##......###.######
.###...#.###.# .####.....##.#
.............# .####..##.#### .#
#.....# ## #.##### #.#


You could see Terence.

Vanquished Creatures
  4 endoplasms (D:1)
  4 goblins (D:1)
  6 jackals (D:1)
  A kobold (D:1)
  2 quokkas (D:1)
  2 bats (D:1)
  A frilled lizard (D:1)
  4 rats (D:1)
24 creatures vanquished.

Notes
Turn   | Place    | Note
-------+----------+-------------------------------------------
     0 | D:1      | Descartes the Mountain Dwarf Earth Elementalist began the
                  | quest for the Orb.
     0 | D:1      | Reached XP level 1. HP: 14/14 MP: 3/3
   305 | D:1      | Reached XP level 2. HP: 20/20 MP: 2/4
   367 | D:1      | Reached skill level 4 in Earth Magic
   912 | D:1      | Reached XP level 3. HP: 25/26 MP: 2/5
  1117 | D:2      | Noticed Terence
  1134 | D:1      | Slain by Terence

Illustrated notes

Levels and vault maps discovered:
D:1:      lightli_molten_gateway, layout_loops_corners, chequers_arboretum
D:2:      layout_loops_corners, uniq_terence

Skill      XL: |  1  2 |
---------------+-------+-----
Earth Magic    | 4 |  4.6
Dodging        | |  1.3
Stealth        | |  1.4
Spellcasting   | |  1.7
Conjurations   | |  0.8

Action                     || total
---------------------------++-------
  Melee: Dagger            ||    16
   Cast: Sandblast         ||    31
 Armour: Robe              ||     9
         Chain mail        ||    13
  Dodge: Dodged            ||    13

Table legend: (Time is in decaauts)
 A = Elapsed time spent in this place.
 B = Non-inter-level travel time spent in this place.
 C = Inter-level travel time spent in this place.
 D = Time resting spent in this place.
 E = Time spent auto-exploring this place.
 F = Levels seen in this place.
 G = Mean time per level.
                   A        B        C        D        E       F      G
               +--------+--------+--------+--------+--------+-----+--------+
         Total |   1149 |   1136 |     13 |      0 |    986 |   2 |  574.5 |
       Dungeon |   1149 |   1136 |     13 |      0 |    986 |   2 |  574.5 |
               +--------+--------+--------+--------+--------+-----+--------+

Top non-repeatable levels by time:
     D:1: 1136 daAuts
     D:2: 13 daAuts
